Map: Abyssal Reef LE

Players

Yata - Winner!

  • Race: Zerg Zerg
  • League: Silver
  • Spawn Location: 5:00

A.I. 1 (Very Easy)

  • Race: Terran Terran
  • Spawn Location: 11:00

VOD

Have the link to the VOD?

Description

Time

  • Played on: Aug. 15, 2017, 9:25 p.m.
  • Length: 3:48
Show
View Real Time Build Order
Export as new Build Order

Yata Zerg - Winner!

Build Orders: Pool Only 

Get SALT Encoding   

  12  0:19  Spawning Pool  
  11  0:22  Drone  
  11  0:27  Drone  
  13  0:36  Overlord  
  13  0:41  Drone  
  14  0:54  Drone  
  14  0:55  Drone  
  16  1:15  Zergling x2  
  16  1:18  Zergling x2  
  18  1:20  Queen  
  20  1:26  Extractor  
  20  1:28  Zergling x2  
  20  1:38  Drone  
  21  1:48  Zergling x2  
  22  2:01  Overlord  
  22  2:21  Zergling x4  
  24  2:32  Zergling x6  
  27  2:50  Zergling x2  
  27  2:51  Zergling x2  
  26  3:02  Zergling x2  
  27  3:13  Zergling x2  
  27  3:23  Zergling x4  
  27  3:24  Zergling x2  
Show
View Real Time Build Order
Export as new Build Order

A.I. 1 (Very Easy) Terran 

Build Orders:  

Get SALT Encoding   

  12  0:00  SCV  
  13  0:13  SCV  
  14  0:18  Supply Depot  
  14  0:37  Refinery  
  14  0:41  Barracks  
  14  1:06  Supply Depot  
  14  1:13  Refinery  
  14  1:29  Barracks Tech Lab  
  14  1:31  Orbital Command  
  14  1:47  Marine  
  15  1:56  SCV  
  17  2:08  SCV  
  17  2:20  SCV  
  18  2:27  Marine  
  18  2:32  SCV  
  18  2:44  SCV  
  14  2:55  Marine  
  14  2:56  SCV  
  15  3:09  SCV  
  16  3:21  SCV  
  16  3:24  Marine  
  17  3:33  SCV  
Tags
 
League
Silver
Matchup
TvZ
Opening
Pool Only
Replay Pack
Pack 1
Spawn Locations
Cross Positions
Add a new tag
Caveats
  • Supply blocks, unpowered buildings, or Contaminate may cause inaccurate times.
  • Supply counts are checked every 10 seconds.